 Dungeon Crawl Stone Soup version 0.22-a0-565-gfc6459a (webtiles) character file.

154 royokou the Magician (level 5, -2/28 HPs)
             Began as a Deep Elf Wizard on June 28, 2018.
             Was an Initiate of Vehumet.
             Slain by an orc warrior
             ... wielding a cursed +0 trident
              (21 damage)
             ... on level 4 of the Dungeon.
             The game lasted 00:17:45 (2882 turns).

royokou the Magician (Deep Elf Wizard)              Turns: 2882, Time: 00:17:46

Health: -2/28      AC:  2    Str:  5    XL:     5   Next: 13%
Magic:  2/15       EV: 13    Int: 23    God:    Vehumet [......]
Gold:   236        SH:  0    Dex: 13    Spells: 2/16 levels left

rFire    . . .     SeeInvis .   v - +1 dagger (speed)
rCold    . . .     Gourm    .   (no shield)
rNeg     . . .     Faith    .   u - +0 robe
rPois    .         Spirit   .   b - +0 hat
rElec    .         Reflect  .   (no cloak)
rCorr    .         Harm     .   (no gloves)
MR       .....                  (no boots)
Stlth    ++........             c - amulet of rage
HPRegen  0.09/turn              (no ring)
MPRegen  0.14/turn              (no ring)

@: very slightly contaminated
A: no striking features
a: Renounce Religion, Evoke Berserk Rage


You were on level 4 of the Dungeon.
You worshipped Vehumet.
Vehumet was noncommittal.
You were not hungry.

You visited 1 branch of the dungeon, and saw 4 of its levels.

You collected 236 gold pieces.

Inventory:

Hand Weapons
 g - a +0 spear
 l - a +1 spear of flaming
 t - a +1 dagger of electrocution
 v - a +1 dagger of speed (weapon)
Armour
 a - a +0 robe
 b - a +0 hat (worn)
 f - a +0 leather armour
 i - a +0 robe
 r - a +0 robe
 u - a +0 robe (worn)
Jewellery
 c - an amulet of rage (around neck)
Scrolls
 e - 3 scrolls of identify {unknown}
 j - a scroll of fear {unknown}
 m - 3 scrolls of remove curse {unknown}
 n - 2 scrolls of magic mapping {unknown}
 o - a scroll of fog {unknown}
 q - 2 scrolls of random uselessness {unknown}
 w - 3 scrolls of amnesia {unknown}
 x - 2 scrolls of teleportation {unknown}
Potions
 h - 2 potions of curing {unknown}
 k - a potion of heal wounds {unknown}
 p - a potion of brilliance {unknown}
 s - a potion of berserk rage {unknown}
Comestibles
 d - 5 rations


   Skills:
 - Level 2.4 Dodging
 - Level 2.4 Stealth
 + Level 6.3 Spellcasting
 + Level 3.7 Conjurations
 + Level 1.5 Hexes
 - Level 1.1 Summonings
 - Level 1.1 Translocations


You had 2 spell levels left.
You knew the following spells:

 Your Spells              Type           Power        Failure   Level  Hunger
a - Magic Dart            Conj           ###.         1%          1    None
b - Call Imp              Summ           ##......     8%          2    None
c - Blink                 Tloc           N/A          8%          2    None
d - Mephitic Cloud        Conj/Pois/Air  ##......     14%         3    #......
e - Conjure Flame         Conj/Fire      ###.....     12%         3    #......
f - Confuse               Hex            ##......     13%         3    #......

Your spell library contained the following spells:

 Spells                   Type           Power        Failure   Level  Hunger
 Slow                     Hex            ##......     7%          2    None
 Confusing Touch          Hex            ##....       4%          1    None
 Metabolic Englaciation   Hex/Ice        ##........   86%         5    #####..
 Petrify                  Tmut/Erth      #.......     63%         4    ###....
 Gell's Gravitas          Tloc           ##........   16%         3    #......
 Yara's Violent Unravell  Hex/Tmut       ##........   86%         5    #####..


Dungeon Overview and Level Annotations

Branches:
Dungeon (4/15)
 Temple: D:4-7

Altars:
Vehumet


Message History

Casting: Call Imp (safe; 8% risk of failure)
Confirm with . or Enter, or press ? or * to list all spells.
Aiming: Magic Dart (safe; 1% risk of failure)
Press: ? - help, Shift-Dir - straight line, f/p - orc warrior
Aim: an orc warrior, wielding a trident and wearing a chain mail (noxious fumes, moderately wounded, confused) Really fire in your shadow imp's direction?
Okay, then.
An orc comes into view. It is wielding a whip.
The orc warrior is engulfed in noxious fumes.
The orc warrior appears confused.
Your shadow imp hits the orc warrior.
You completely miss the orc warrior.
The orc warrior is moderately wounded.
You hit the orc warrior but do no damage.
The orc warrior is moderately wounded.
Your shadow imp barely misses the orc warrior.
You hit the orc warrior but do no damage.
The orc warrior is moderately wounded.
The orc warrior hits you with a trident!!
Ouch! That really hurt!
You die...

#)# ###.##
.. #....# .#
#.##.# ##.
.. #.# #..
... #.# #.#
#....###.#
#.# #.
#.....# ##.#
#
#.###.###@.#
#.###..#5o##
#..(...#o##
####...oo#
#..#..##
#[.#...#
#....#......
##......##..
###.##....


You could see an orc warrior (confused), an orc priest, 2 orcs and a friendly
shadow imp.

Vanquished Creatures
  A worker ant (D:4)
  5 adders (D:3)
  2 worms
  A leopard gecko (D:1)
  7 orcs
  2 giant cockroaches
  7 goblins
  4 hobgoblins
  3 jackals (D:1)
  2 ball pythons
  10 bats
  3 frilled lizards
  7 kobolds
  5 rats
59 creatures vanquished.

Vanquished Creatures (collateral kills)
  An orc priest (D:2)
  2 orcs (D:2)
3 creatures vanquished.

Grand Total: 62 creatures vanquished

Notes
Turn   | Place    | Note
-------+----------+-------------------------------------------
     0 | D:1      | royokou the Deep Elf Wizard began the quest for the Orb.
     0 | D:1      | Reached XP level 1. HP: 10/10 MP: 7/7
   279 | D:1      | Reached XP level 2. HP: 14/15 MP: 1/9
   357 | D:1      | Learned a level 2 spell: Call Imp
   441 | D:1      | Reached skill level 5 in Spellcasting
   894 | D:2      | Learned a level 2 spell: Blink
   904 | D:2      | Reached XP level 3. HP: 1/19 MP: 7/11
  1125 | D:1      | Learned a level 3 spell: Mephitic Cloud
  1637 | D:2      | Learned a level 3 spell: Conjure Flame
  1750 | D:2      | Found a radiant altar of Vehumet.
  1757 | D:2      | Became a worshipper of Vehumet
  1952 | D:3      | Reached XP level 4. HP: 24/24 MP: 9/13
  2193 | D:3      | Reached skill level 6 in Spellcasting
  2284 | D:3      | Learned a level 3 spell: Confuse
  2632 | D:3      | Reached skill level 1 in Hexes
  2742 | D:4      | Reached XP level 5. HP: 28/28 MP: 2/15
  2843 | D:4      | Noticed an orc warrior
  2882 | D:4      | Slain by an orc warrior

Vault maps used:
D:1:      lemuel_arrival_funnel, minmay_cut_off
D:2:      nicolae_overflow_crystal_walls
D:3:      first_ration, minmay_misc_feat_chi
D:4:      serial_shops, kennysheep_little_box, shop, uniq_menkaure,
          uniq_crazy_yiuf_cottage, uniq_pikel

Skill      XL: |  1  2  3  4 |
---------------+-------------+-----
Conjurations   | 2 3 |  3.7
Spellcasting   | 5 6 |  6.3
Hexes          | 1 |  1.5
Dodging        | |  2.4
Stealth        | |  2.4
Summonings     | |  1.1
Translocations | |  1.1

Action                   |  1- 3 |  4- 6 || total
-------------------------+-------+-------++-------
Melee: Unarmed           |     2 |       ||     2
       Spear             |    13 |       ||    13
       Dagger            |     3 |    15 ||    18
 Cast: Magic Dart        |    97 |    50 ||   147
       Call Imp          |     7 |     4 ||    11
       Blink             |     5 |       ||     5
       Mephitic Cloud    |     1 |     2 ||     3
 Abil: Evoke Berserk Rag |       |     1 ||     1
  Eat: Chunk             |     3 |     2 ||     5
       Ration            |       |     1 ||     1
Armor: Robe              |     9 |     1 ||    10
Dodge: Dodged            |    21 |    10 ||    31

Table legend:
 A = Spawn XP
 B = Non-spawn XP
 C = Spawn XP percentage of total XP
 D = Spawn monster count
 E = Non-spawn monster count
 F = Spawn count percentage of total count
 G = Total turns spent on level
                    A         B        C        D         E        F      G
               +---------+---------+-------+---------+---------+-------+---------
         Total |       0 |     221 |   0.0 |       0 |      62 |   0.0 |  2882
               +---------+---------+-------+---------+---------+-------+---------
           D:1 |       0 |      34 |   0.0 |       0 |      20 |   0.0 |  1046
           D:2 |       0 |      52 |   0.0 |       0 |      17 |   0.0 |   781
           D:3 |       0 |      97 |   0.0 |       0 |      21 |   0.0 |   898
           D:4 |       0 |      38 |   0.0 |       0 |       4 |   0.0 |   157
               +---------+---------+-------+---------+---------+-------+---------
